 Dungeon Crawl Stone Soup version 0.23.0 (webtiles) character file.

Game seed: 8627512221841231588

11975 LostNumber the Cleaver (level 11, -8/103 HPs)
             Began as a Deep Dwarf Fighter on Feb 11, 2019.
             Was a Priest of Makhleb.
             Mangled by a snapping turtle (15 damage)
             ... on level 2 of the Lair of Beasts.
             The game lasted 00:23:11 (10850 turns).

LostNumber the Cleaver (Deep Dwarf Fighter)        Turns: 10850, Time: 00:23:12

Health: -8/103     AC: 21    Str: 24    XL:     11   Next: 56%
Magic:  10/10      EV:  6    Int:  8    God:    Makhleb [***...]
Gold:   519        SH: 12    Dex: 12    Spells: 10/10 levels left

rFire    . . .     SeeInvis .   J - +6 hand axe
rCold    . . .     Gourm    .   E - +0 shield
rNeg     + . .     Faith    .   H - +4 plate armour {rN+}
rPois    .         Spirit   .   (no helmet)
rElec    .         Reflect  .   (no cloak)
rCorr    +         Harm     .   y - +1 pair of gloves
MR       +....                  O - +0 pair of boots
Stlth    ..........             (no amulet)
HPRegen  0.00/turn              P - ring of resist corrosion
MPRegen  0.12/turn              (no ring)

@: non-regenerating
A: damage resistance, heal wounds, sense surroundings 2, no regeneration
a: Heal Wounds, Minor Destruction, Lesser Servant of Makhleb, Renounce Religion


You were on level 2 of the Lair of Beasts.
You worshipped Makhleb.
Makhleb was most pleased with you.
You were not hungry.

You visited 2 branches of the dungeon, and saw 13 of its levels.
You also visited: Sewer.

You collected 624 gold pieces.
You spent 105 gold pieces at shops.

Inventory:

Hand Weapons
 F - a +3 flail of protection
   (You took it off Edmund on level 5 of the Dungeon)
 J - a +6 hand axe (weapon)
   (You took it off a wight on level 6 of the Dungeon)
 L - the +3 spear "Zebboewi" {freeze, rElec MR+ Dex-4, unknown}
   (You found it on level 1 of the Lair of Beasts)

   It has been specially enchanted to freeze those struck by it, causing extra
   injury to most foes and up to half again as much damage against particularly
   susceptible opponents.
   It can also slow down cold-blooded creatures.
   It affects your dexterity (-4).
   It insulates you from electricity.
   It affects your resistance to hostile enchantments.
Armour
 h - the +1 ring mail "Witaudy" {rC+ Stlth+}
   (You found it on level 9 of the Dungeon)

   It protects you from cold.
   It makes you more stealthy.
 r - a +2 scale mail of poison resistance
   (You took it off Terence on level 2 of the Dungeon)
 w - +0 ice dragon scales
   (You found it on level 4 of the Dungeon)
 y - a +1 pair of gloves (worn)
   (You found it on level 1 of the Lair of Beasts)
 E - a +0 shield (worn)
 H - a +4 plate armour of positive energy (worn)
   (You took it off an orc warrior on level 8 of the Dungeon)
 I - a scarf of repulsion
   (You found it on level 2 of the Lair of Beasts)
 O - a +0 pair of boots (worn)
   (You found it on level 4 of the Dungeon)
Jewellery
 z - an uncursed ring of fire {unknown}
   (You found it on level 2 of the Lair of Beasts)
 K - an uncursed ring of wizardry
   (You found it on level 7 of the Dungeon)
 P - a ring of resist corrosion (left hand)
   (You found it on level 8 of the Dungeon)
Wands
 c - a wand of disintegration (12)
   (You found it on level 6 of the Dungeon)
 p - a wand of polymorph (18)
   (You took it off Terence on level 2 of the Dungeon)
 q - a wand of scattershot (9)
   (You found it on level 5 of the Dungeon)
 u - a wand of paralysis (10)
   (You found it on level 5 of the Dungeon)
 v - a wand of digging (4)
   (You took it off an orc on level 4 of the Dungeon)
 x - a wand of acid (12)
   (You found it on level 9 of the Dungeon)
Scrolls
 f - 3 scrolls of blinking
 g - 5 scrolls of remove curse {@r2}
 k - 5 scrolls of teleportation {unknown}
 m - 4 scrolls of amnesia {unknown}
 n - 3 scrolls of magic mapping {unknown}
 s - 3 scrolls of immolation {!r}
 A - 3 scrolls of fear {unknown}
 G - 2 scrolls of enchant armour {unknown}
Potions
 a - 2 potions of magic {unknown}
 d - a potion of might
 i - 3 potions of invisibility
 j - a potion of agility
 l - 5 potions of curing {@q1}
 o - 2 potions of haste {@q3}
 t - 5 potions of brilliance
 B - 2 potions of heal wounds {@q2}
 C - 2 potions of berserk rage
 D - 2 potions of mutation {unknown}
Comestibles
 e - 24 rations {!d}


   Skills:
 + Level 7.9 Fighting
 * Level 12.3 Axes
 - Level 8.0 Armour
 + Level 9.4 Shields
 - Level 8.0 Invocations
 + Level 2.9 Evocations


You had 10 spell levels left.
You didn't know any spells.
Your spell library contained the following spells:

 Spells                   Type           Power        Failure   Level  Hunger
 Animate Skeleton         Necr           N/A          100%        1    ##.....
 Apportation              Tloc           #.....       100%        1    ##.....
 Confusing Touch          Hex            #.....       100%        1    ##.....
 Magic Dart               Conj           #...         100%        1    ##.....
 Summon Small Mammal      Summ           #...         100%        1    ##.....
 Blink                    Tloc           N/A          100%        2    ###....
 Call Imp                 Summ           #.......     100%        2    ###....
 Slow                     Hex            #.......     100%        2    ###....
 Conjure Flame            Conj/Fire      #.......     100%        3    ####...
 Mephitic Cloud           Conj/Pois/Air  #.......     100%        3    ####...


Dungeon Overview and Level Annotations

Branches:
Dungeon (11/15)            Temple (0/1) D:5            Lair (2/6) D:9
 Shoals (0/4) Lair:2       Spider (0/4) Lair:2
    Orc: D:9-12

Altars:
Ashenzari
Hepliaklqana
Makhleb
Okawaru
Ru
Zin
The Shining One

Shops:
D:9 *%

Annotations:
D:5 1 runed translucent door, PeterQ's ghost, novice TeGl


Innate Abilities, Weirdness & Mutations

You are resistant to damage.
You can heal yourself by infusing magical energy.
You passively map the area around you.
You do not regenerate.


Message History

You hit the snapping turtle. The snapping turtle bites you.
You barely miss the snapping turtle.
Your orange demon stings the snapping turtle but does no damage.
The snapping turtle bites you!
You slash the snapping turtle!
Your orange demon stings the snapping turtle but does no damage.
You hit the snapping turtle. The snapping turtle bites you!
* * * LOW HITPOINT WARNING * * *
Your orange demon stings the snapping turtle but does no damage.
You hit the snapping turtle but do no damage.
Your orange demon disappears in a puff of smoke!
The snapping turtle bites you!
* * * LOW HITPOINT WARNING * * *
You slash the snapping turtle!
The snapping turtle bites you but does no damage.
Your plate armour prevents you from hitting the snapping turtle.
Unknown command.
You barely miss the snapping turtle. The snapping turtle bites you.
* * * LOW HITPOINT WARNING * * *
You hit the snapping turtle but do no damage.
You block the snapping turtle's attack.
You hit the snapping turtle but do no damage.
You slash the snapping turtle! You block the snapping turtle's attack.
Unknown command.
You hit the snapping turtle but do no damage.
You block the snapping turtle's attack.
You hit the snapping turtle but do no damage.
All of the chunks of flesh in your inventory have rotted away.
You hit the snapping turtle but do no damage.
The snapping turtle bites you but does no damage.
You hit the snapping turtle but do no damage.
The snapping turtle bites you.
You hit the snapping turtle. You block the snapping turtle's attack.
You hit the snapping turtle but do no damage.
You hit the snapping turtle but do no damage.
The snapping turtle bites you but does no damage.
You hit the snapping turtle but do no damage.
The snapping turtle bites you!!
* * * LOW HITPOINT WARNING * * *
You hit the snapping turtle but do no damage.
You block the snapping turtle's attack.
A demon appears!
You block the snapping turtle's attack.
Unknown command.
You hit the snapping turtle but do no damage.
You hit the snapping turtle. The snapping turtle bites you!
* * * LOW HITPOINT WARNING * * *
Your hellwing hits the snapping turtle but does no damage. x2
You hit the snapping turtle but do no damage.
The snapping turtle bites you!
You die...

..........# ##..#
.........## ###...#
........## ##.#...#
...÷..### ##.###.##
....### ###....#.###
..##.### #≈#≈≈≈.≈≈≈P#
###.##.####≈≈≈≈≈.≈≈≈≈##
.P.........≈≈≈##'##≈≈≈#
..P#.....##≈≈##.@.##≈≈##
####.....##≈≈#...t.#≈≈P#
# #......#≈≈≈#..4..#≈≈##
#.....###≈≈#.....#≈≈###
##....##≈≈≈##...##≈≈≈≈#
#...####≈≈≈#####≈≈≈###
#...# ##≈≈≈≈≈≈≈≈≈###
#..## ##≈≈≈≈≈≈≈.#.# #P##
#######...##


You could see a snapping turtle and a friendly hellwing.

Vanquished Creatures
  Gastronok (D:8)
  2 hydras (Lair:2)
  A black mamba (Lair:2)
  2 komodo dragons
  A polar bear (Lair:2)
  2 hornets
  Prince Ribbit (D:6)
  A hippogriff (Lair:1)
  A blink frog (Lair:1)
  6 yaks (D:9)
  A spriggan (D:8)
  Menkaure (D:7)
  Edmund (D:5)
  2 water moccasins
  2 sky beasts
  5 orc warriors
  A black bear (D:8)
  2 ogres
  2 centaurs
  7 crocodiles
  8 big kobolds
  5 bullfrogs
  A gnoll sergeant (D:10)
  4 scorpions
  A water moccasin skeleton (D:8)
  4 killer bees (D:9)
  5 wights (D:6)
  4 crimson imps
  4 howler monkeys
  A centaur zombie (D:5)
  2 hounds (D:8)
  A quasit (D:10)
  3 jellies
  7 orc priests
  An iguana (D:8)
  Terence (D:2)
  15 orc wizards
  3 worker ants
  A hound skeleton (D:5)
  A worker ant zombie (D:5)
  A howler monkey skeleton (D:5)
  4 gnolls (D:10)
  13 adders
  3 shadow imps
  6 oozes (Sewer)
  An adder zombie (D:5)
  3 adder skeletons
  4 worms
  A dart slug (D:3)
  6 leopard geckos
  47 orcs
  9 giant cockroaches
  7 goblins
  7 hobgoblins
  6 jackals
  18 kobolds
  3 quokkas
  6 ball pythons
  7 bats
  14 frilled lizards
  A jackal skeleton (D:4)
  22 rats
303 creatures vanquished.

Vanquished Creatures (collateral kills)
  2 spiny frogs
  A komodo dragon (Lair:2)
  A polar bear (Lair:2)
  4 blink frogs (Lair:1)
  A porcupine (Lair:2)
  3 crocodiles
  2 bullfrogs
14 creatures vanquished.

Grand Total: 317 creatures vanquished

Notes
Turn   | Place    | Note
-------+----------+-------------------------------------------
     0 | D:1      | LostNumber the Deep Dwarf Fighter began the quest for the
                  | Orb.
     0 | D:1      | Reached XP level 1. HP: 20/20 MP: 1/1
   170 | D:1      | Reached XP level 2. HP: 25/27 MP: 2/2
   522 | D:1      | Reached skill level 3 in Axes
   646 | D:1      | Reached XP level 3. HP: 22/33 MP: 3/3
   964 | D:2      | Noticed Terence
   974 | D:2      | Killed Terence
   974 | D:2      | Reached XP level 4. HP: 42/42 MP: 4/4
  1790 | D:3      | Reached skill level 4 in Axes
  1790 | D:3      | Reached XP level 5. HP: 34/49 MP: 5/5
  2277 | D:4      | Reached XP level 6. HP: 23/56 MP: 6/6
  2336 | D:4      | Reached skill level 5 in Axes
  2514 | D:4      | Reached XP level 7. HP: 15/64 MP: 6/6
  2641 | D:4      | Found a glowing drain.
  2660 | Sewer    | Entered a sewer
  3014 | Sewer    | Reached skill level 5 in Armour
  3014 | Sewer    | Reached skill level 5 in Shields
  3137 | Sewer    | Reached skill level 6 in Axes
  3415 | Sewer    | Reached XP level 8. HP: 42/73 MP: 6/6
  3594 | D:4      | Reached skill level 7 in Axes
  3961 | D:5      | Entered Level 5 of the Dungeon
  4019 | D:5      | Found a sacrificial altar of Ru.
  4019 | D:5      | Found a glowing silver altar of Zin.
  4021 | D:5      | Found a glowing golden altar of the Shining One.
  4023 | D:5      | Found a burning altar of Makhleb.
  4024 | D:5      | Found an iron altar of Okawaru.
  4034 | D:5      | Became a worshipper of Makhleb the Destroyer
  4095 | D:5      | Reached skill level 1 in Invocations
  4124 | D:5      | Found a staircase to the Ecumenical Temple.
  4253 | D:5      | Reached skill level 5 in Fighting
  4266 | D:5      | Found a runed translucent door.
  4269 | D:5      | Noticed PeterQ's ghost (novice TeGl)
  4272 | D:5      | Noticed Edmund
  4310 | D:5      | Killed Edmund
  4421 | D:5      | Reached skill level 8 in Axes
  4433 | D:5      | Reached * piety under Makhleb
  4686 | D:6      | Noticed Prince Ribbit
  4714 | D:6      | Killed Prince Ribbit
  4755 | D:6      | Gained mutation: You passively map the area around you.
                  | [Deep Dwarf growth]
  4755 | D:6      | Reached XP level 9. HP: 46/81 MP: 8/8
  5302 | D:7      | Found a shattered altar of Ashenzari.
  5415 | D:7      | Noticed Menkaure
  5430 | D:7      | Killed Menkaure
  5430 | D:7      | Reached skill level 9 in Axes
  5687 | D:7      | Reached ** piety under Makhleb
  5708 | D:7      | Found a hazy altar of Hepliaklqana.
  6520 | D:8      | Noticed Gastronok
  6534 | D:8      | Killed Gastronok
  6534 | D:8      | Reached skill level 10 in Axes
  6534 | D:8      | Reached skill level 5 in Invocations
  6534 | D:8      | Reached XP level 10. HP: 92/92 MP: 6/8
  6792 | D:8      | You fall through a shaft for 3 floors!
  6818 | D:10     | Entered Level 10 of the Dungeon
  7248 | D:9      | Got a polished ring mail
  7278 | D:9      | Identified the cursed +1 ring mail "Witaudy" {rC+ Stlth+}
                  | (You found it on level 9 of the Dungeon)
  7379 | D:9      | Found Natunips's Food Emporium.
  7588 | D:8      | Reached *** piety under Makhleb
  8089 | D:9      | Found a staircase to the Lair.
  8131 | D:9      | Found Gunenoat's General Store.
  8133 | D:9      | Paralysed by a hornet for 1 turns
  8139 | D:9      | Reached skill level 11 in Axes
  8209 | D:9      | Bought a scroll of blinking for 105 gold pieces
  8833 | D:10     | Reached XP level 11. HP: 100/100 MP: 10/10
  9040 | Lair:1   | Entered Level 1 of the Lair of Beasts
  9073 | Lair:1   | Found a gate leading to a gauntlet.
  9464 | Lair:1   | Got a steaming spear
  9845 | Lair:2   | Noticed a five-headed hydra
  9856 | Lair:2   | Killed a five-headed hydra
  9856 | Lair:2   | Reached skill level 12 in Axes
  9856 | Lair:2   | Reached skill level 1 in Evocations
 10070 | Lair:2   | Noticed an eight-headed hydra
 10082 | Lair:2   | Killed an eight-headed hydra
 10399 | Lair:2   | Found a hole to the Spider Nest.
 10814 | Lair:2   | Found a staircase to the Shoals.
 10850 | Lair:2   | Mangled by a snapping turtle

Skill      XL: |  1  2  3  4  5  6  7  8  9 10 11 |
---------------+----------------------------------+-----
Axes           | 3 4 5 6 8 10 11 12 | 12.3
Fighting       | 3 4 5 6 7 |  7.9
Shields        | 4 5 6 7 8 9 |  9.4
Armour         | 4 5 6 7 8 |  8.0
Invocations    | 3 5 7 8 |  8.0
Evocations     | 2 |  2.9

Action                   |  1- 3 |  4- 6 |  7- 9 | 10-12 || total
-------------------------+-------+-------+-------+-------++-------
Melee: War axe           |   122 |   238 |   272 |       ||   632
       Flail             |       |       |   215 |     7 ||   222
       Hand axe          |       |       |    45 |   486 ||   531
Invok: Minor Destruction |       |       |     1 |       ||     1
       Lesser Servant of |       |       |       |    13 ||    13
 Abil: Heal Wounds       |     1 |     2 |    18 |     4 ||    25
Evoke: Wand              |       |       |     3 |       ||     3
  Use: Scroll            |       |       |     9 |     9 ||    18
       Potion            |       |       |     1 |       ||     1
  Eat: Chunk             |     1 |     5 |    11 |    14 ||    31
       Ration            |       |       |     1 |       ||     1
Armor: Scale mail        |    48 |   123 |    69 |       ||   240
       Ice dragon scales |       |       |   133 |       ||   133
       Plate armour      |       |       |     3 |   193 ||   196
Dodge: Dodged            |    36 |    69 |   115 |    71 ||   291
Block: Shield            |    72 |   147 |   256 |   216 ||   691
